 Dungeon Crawl Stone Soup version 0.21.1-1-g345015f (webtiles) character file.

65 Fang the Skirmisher (level 4, -7/43 HPs)
             Began as a Gargoyle Berserker on May 30, 2018.
             Was a Believer of Trog.
             Mangled by a gnoll
             ... wielding a +0 whip
              (8 damage)
             ... on level 2 of the Dungeon.
             The game lasted 00:02:23 (1422 turns).

Fang the Skirmisher (Gargoyle Berserker)            Turns: 1422, Time: 00:02:23

Health: -7/43      AC:  5    Str: 26    XL:     4   Next: 14%
Magic:  4/4        EV: 12    Int:  8    God:    Trog [**....]
Gold:   67         SH:  0    Dex:  9    Spells: 3/3 levels left

rFire    . . .     SeeInvis .   a - +0 hand axe
rCold    . . .     Gourm    .   (no shield)
rNeg     + . .     Faith    .   b - +0 animal skin
rPois    ∞         Spirit   .   (no helmet)
rElec    +         Reflect  .   (no cloak)
rCorr    .         Harm     .   (no gloves)
MR       .....                  (no boots)
Stlth    ..........             (no amulet)
HPRegen  0.14/turn              (no ring)
MPRegen  0.09/turn              (no ring)

@: berserking, very quick
A: negative energy resistance 1, electricity resistance, unbreathing,
petrification resistance, rot immunity, AC +3
a: Berserk, Trog's Hand, Burn Spellbooks, Renounce Religion


You were on level 2 of the Dungeon.
You worshipped Trog.
Trog was pleased with you.
You were near starving.

You visited 1 branch of the dungeon, and saw 2 of its levels.

You collected 67 gold pieces.

Inventory:

Hand Weapons
 a - a +0 hand axe (weapon)
Armour
 b - a +0 animal skin (worn)
Scrolls
 d - a scroll of immolation {unknown}
 f - a scroll of teleportation {unknown}
 h - a scroll of fear {unknown}
 k - a scroll of identify {unknown}
Potions
 e - 4 potions of curing {unknown}
 g - 3 potions of haste {unknown}
 i - a potion of degeneration {unknown}
 j - a potion of might {unknown}
Comestibles
 c - a ration


   Skills:
 + Level 4.0 Fighting
 + Level 3.5 Axes
 + Level 2.2 Armour
 + Level 2.0 Dodging
 + Level 0.9 Stealth


You had 3 spell levels left.
You didn't know any spells.

Dungeon Overview and Level Annotations

Branches:
Dungeon (2/15)

Altars:


Innate Abilities, Weirdness & Mutations

You are resistant to torment.
Your stone body is resilient. (AC +3)
You are immune to poison.
You resist negative energy. (rN+)
You are resistant to electric shocks. (rElec)
You can survive without breathing.
You are immune to petrification.
You are immune to rotting.


Message History

* * * LOW HITPOINT WARNING * * *
The gnoll hits you but does no damage. The gnoll misses you.
You are too injured to fight recklessly!
You are too injured to fight recklessly!
Unknown command.
A red film seems to cover your vision as you go berserk!
You feel yourself moving faster!
You feel mighty!
You are near starving!
The gnoll hits you with a spear.
* * * LOW HITPOINT WARNING * * *
The gnoll misses you. x2
Unknown command.
You are too injured to fight recklessly!
Unknown command.
You completely miss the gnoll.
The gnoll is heavily wounded.
You barely miss the gnoll. The gnoll hits you with a spear!
* * * LOW HITPOINT WARNING * * *
The gnoll hits you with a whip!
You die...

#...################.##....
#....................#####.
...###.########.#.........
#.# #.#########. #.# #.# #.
#.## #.# ## #.#.## #.#
#.###.## #.# #.# ##@# #.#
..#


#.rggb# #.# ### #..g.(# #....... #...!.### .)..... ####.###. #.# .# You could
see 3 gnolls, a bat and a rat.

Vanquished Creatures
  3 adders (D:2)
  A worm (D:2)
  A dart slug (D:1)
  3 leopard geckos (D:1)
  2 bats (D:1)
  A giant cockroach (D:1)
  2 goblins (D:1)
  A hobgoblin (D:2)
  2 jackals (D:1)
  8 kobolds (D:1)
  2 frilled lizards
  5 rats
31 creatures vanquished.

Notes
Turn   | Place    | Note
-------+----------+-------------------------------------------
     0 | D:1      | Fang the Gargoyle Berserker began the quest for the Orb.
     0 | D:1      | Reached XP level 1. HP: 14/14 MP: 1/1
    75 | D:1      | Reached XP level 2. HP: 13/19 MP: 2/2
   565 | D:1      | Reached XP level 3. HP: 23/24 MP: 3/3
   983 | D:1      | Reached ** piety under Trog
  1137 | D:2      | Reached skill level 4 in Fighting
  1144 | D:2      | Reached XP level 4. HP: 15/29 MP: 4/4
  1422 | D:2      | HP: 1/43 [gnoll/spear (7)]
  1422 | D:2      | Mangled by a gnoll

Skill      XL: |  1  2  3 |
---------------+----------+-----
Axes           | 3 |  3.5
Dodging        | 2 |  2.0
Fighting       | 4 |  4.0
Armour         | |  2.2
Stealth        | |  0.9

Action                   |  1- 3 |  4- 6 || total
-------------------------+-------+-------++-------
Melee: Hand axe          |   105 |     8 ||   113
Invok: Berserk           |     1 |     1 ||     2
  Eat: Chunk             |       |     2 ||     2
Armor: Animal skin       |    35 |     3 ||    38
Dodge: Dodged            |    80 |    11 ||    91
